 Dungeon Crawl Stone Soup version 0.29-a0-541-gaf1fc19f1b (webtiles) character file.

Game seed: 15460884537354258379

1234 ytrimaz the Cruncher (level 8, -6/58 HPs)
             Began as a Formicid Fighter on June 3, 2022.
             Was an Initiate of Cheibriados.
             Mangled by an ogre
             ... wielding a +0 giant club
              (29 damage)
             ... on level 5 of the Dungeon.
             The game lasted 00:07:18 (5969 turns).

ytrimaz the Cruncher (Formicid Fighter)             Turns: 5969, Time: 00:07:19

Health: -6/58      AC: 18    Str: 23    XL:     8   Next: 77%
Magic:  8/8        EV:  6    Int: 10    God:    Cheibriados [......]
Gold:   352        SH:  4    Dex: 11    Spells: 7/7 levels left

rFire   + . .      SeeInvis +   a - +0 quarterstaff
rCold   . . .      Faith    .   c - +0 buckler
rNeg    . . .      Spirit   .   g - +0 plate armour
rPois   .          Reflect  .   (helmet unavailable)
rElec   .          Harm     .   q - +1 cloak {Will+}
rCorr   .          Rampage  .   i - +0 pair of gloves
Will    +....                   (no boots)
Stlth   ..........              (no amulet)
HPRegen 0.19/turn               h - ring of protection from fire
MPRegen 0.11/turn               n - +4 ring of protection

@: very slow
A: permanent stasis, dig shafts and tunnels, antennae 3, four strong arms
a: Dig, Shaft Self, Renounce Religion


You were on level 5 of the Dungeon.
You worshipped Cheibriados.
Cheibriados was noncommittal.
You visited 2 branches of the dungeon, and saw 6 of its levels.
You also visited: Ossuary.

You collected 352 gold pieces.

Inventory:

Hand Weapons
 a - a +0 quarterstaff (weapon)
Armour
 c - a +0 buckler (worn)
 g - a +0 plate armour (worn)
 i - a +0 pair of gloves (worn)
 q - a +1 cloak of willpower (worn)
Jewellery
 h - a ring of protection from fire (left hand)
 j - a +6 ring of dexterity
 n - a +4 ring of protection (right hand)
Wands
 v - a wand of iceblast (7)
Scrolls
 k - a scroll of immolation
 r - a scroll of brand weapon {unknown}
 t - 2 scrolls of poison
Potions
 b - a potion of invisibility {unknown}
 d - a potion of might
 e - 3 potions of heal wounds
 f - a potion of berserk rage {unknown}
 l - a potion of mutation {unknown}
 m - 2 potions of flight
 o - a potion of lignification {unknown}
 p - 5 potions of ambrosia {unknown}
 s - a potion of resistance {unknown}
 u - a potion of magic {unknown}


   Skills:
 - Level 3.2 Fighting
 + Level 10.2 Staves
 - Level 3.2 Armour
 - Level 4.0 Shields


You had 7 spell levels left.
You didn't know any spells.
Your spell library contained the following spells:

 Spells                   Type           Power      Damage    Failure   Level
 Apportation              Tloc           0%         N/A       100%        1
 Magic Dart               Conj           0%         1d3       100%        1
 Necrotize                Necr           0%         1d4       100%        1
 Summon Small Mammal      Summ           0%         N/A       100%        1
 Searing Ray              Conj           0%         2d4       100%        2
 Call Canine Familiar     Summ           0%         N/A       100%        3
 Ozocubu's Armour         Ice            0%         N/A       100%        3
 Portal Projectile        Hex/Tloc       0%         N/A       100%        3
 Fulminant Prism          Conj/Hex       0%         3d6       100%        4
 Leda's Liquefaction      Hex/Erth       0%         N/A       100%        4
 Ozocubu's Refrigeration  Ice            0%         4d5       100%        7


Dungeon Overview and Level Annotations

Branches:
Dungeon (5/15)             Temple (1/1) D:4         Ossuary (visited)

Altars:
Ashenzari
Cheibriados
Dithmenos
Elyvilon
Fedhas
Gozag
Kikubaaqudgha
Makhleb
Nemelex Xobeh
Qazlal
Ru
Trog
Uskayaw
Vehumet
Xom
Yredelemnul
Zin
The Shining One

Shops:
D:1 :   D:4 *


Innate Abilities, Weirdness & Mutations

You cannot be hasted, slowed, berserked, paralysed or teleported.
You can dig through walls and to a lower floor.
You have a pair of large antennae on your head. (SInv)
Your four strong arms can wield two-handed weapons with a shield.


Message History

You are no longer poisoned.
Key pressed, stopping explore.
You now have 352 gold pieces (gained 31).
Items here: ( ) ? [ †.
An ogre comes into view. It is wielding a +0 giant club.
The ogre shouts!
The ogre moves out of view.
An ogre is nearby!
An ogre is nearby!
The ogre hits you with a +0 giant club!
You closely miss the ogre. The ogre hits you with a +0 giant club!
You completely miss the ogre. You sock the ogre!
The ogre is moderately wounded.
The ogre hits you with a +0 giant club!
You barely miss the ogre.
The ogre is moderately wounded.
You hit the ogre.
The ogre is moderately wounded.
The ogre hits you with a +0 giant club.
You sock the ogre!
The ogre is heavily wounded.
You sock the ogre!
The ogre is almost dead.
You block the ogre's attack.
You barely miss the ogre.
The ogre is almost dead.
You barely miss the ogre.
The ogre is almost dead.
The ogre hits you but does no damage.
You barely miss the ogre.
The ogre is almost dead.
You barely miss the ogre.
The ogre is almost dead.
The ogre hits you with a +0 giant club.
You barely miss the ogre.
The ogre is almost dead.
The ogre hits you with a +0 giant club!!
Ouch! That really hurt!
You die...

# ..... # .... # ... #
..# ## .. ###. #.##
###... #.O# ###....#
#@## ###....### #..##
###....###
##..###....### #
#..#....### #
###......### #
##..###.....### #
##..## ###.÷...### #
##..## #####.....### #
##..######...........#


You could see an ogre.

Vanquished Creatures
  2 wraiths (Ossuary)
  Menkaure (D:4)
  An ice beast (D:5)
  A phantom (D:5)
  A scorpion (D:5)
  2 wights (Ossuary)
  A howler monkey (D:5)
  2 hounds
  A jelly (D:5)
  3 iron imps (D:4)
  Natasha (thrice) (D:2)
  7 adders
  3 gnolls (D:3)
  3 ufetubi
  2 adder zombies (Ossuary)
  4 dart slugs
  10 orcs
  7 endoplasms
  4 giant cockroaches
  7 goblins
  10 hobgoblins
  10 jackals
  3 quokkas
  6 ball pythons
  A ball python skeleton (Ossuary)
  6 bats
  3 frilled lizards
  A hobgoblin skeleton (Ossuary)
  A hobgoblin zombie (Ossuary)
  5 kobolds
  2 orc skeletons (Ossuary)
  3 orc zombies (Ossuary)
  5 rats
121 creatures vanquished.

Vanquished Creatures (others)
  7 plants (D:3)
7 creatures vanquished.

Grand Total: 128 creatures vanquished

Notes
Turn   | Place    | Note
-------+----------+-------------------------------------------
     0 | D:1      | ytrimaz the Formicid Fighter began the quest for the Orb.
     0 | D:1      | Reached XP level 1. HP: 18/18 MP: 1/1
    87 | D:1      | Reached XP level 2. HP: 23/24 MP: 2/2
   103 | D:1      | Reached skill level 3 in Staves
   412 | D:1      | Reached XP level 3. HP: 11/29 MP: 3/3
   717 | D:1      | Found Unes Votz's Book Boutique.
  1116 | D:2      | Reached skill level 4 in Staves
  1116 | D:2      | Reached XP level 4. HP: 33/35 MP: 4/4
  1211 | D:2      | Noticed Natasha
  1220 | D:2      | Killed Natasha
  1384 | D:2      | Found a radiant altar of Vehumet.
  1429 | D:2      | Found a faded altar of an unknown god.
  1441 | D:2      | Reached XP level 5. HP: 41/41 MP: 5/5
  1594 | D:2      | Noticed Natasha
  1604 | D:2      | Killed Natasha
  1605 | D:2      | Reached skill level 5 in Staves
  2010 | D:2      | Noticed Natasha
  2029 | D:2      | Killed Natasha
  2695 | D:3      | Reached XP level 6. HP: 43/47 MP: 6/6
  3353 | D:3      | Reached skill level 6 in Staves
  3763 | D:4      | Found Naewe's Needful Niceties.
  3954 | D:4      | Found a sand-covered staircase.
  3967 | Ossuary  | Entered an ossuary
  4121 | Ossuary  | Noticed a wraith
  4121 | Ossuary  | Noticed a flying skull
  4128 | Ossuary  | Noticed a flying skull
  4154 | Ossuary  | Noticed a flying skull
  4164 | Ossuary  | Noticed a flying skull
  4306 | Ossuary  | Noticed a wraith
  4321 | Ossuary  | Killed a wraith
  4322 | Ossuary  | Reached skill level 7 in Staves
  4322 | Ossuary  | Reached XP level 7. HP: 46/52 MP: 7/7
  4416 | Ossuary  | Noticed a flying skull
  4420 | Ossuary  | Noticed a wraith
  4435 | Ossuary  | Killed a wraith
  4436 | Ossuary  | Reached skill level 8 in Staves
  4605 | D:4      | Noticed Menkaure
  4618 | D:4      | Killed Menkaure
  4619 | D:4      | Reached XP level 8. HP: 45/58 MP: 8/8
  4713 | D:4      | Found a staircase to the Ecumenical Temple.
  4753 | D:4      | Found a burning altar of Makhleb.
  4794 | Temple   | Entered the Ecumenical Temple
  4801 | Temple   | Became a worshipper of Cheibriados the Contemplative
  4849 | D:4      | Found a glowing silver altar of Zin.
  5100 | D:4      | Reached skill level 9 in Staves
  5217 | D:5      | Entered Level 5 of the Dungeon
  5701 | D:5      | Reached skill level 10 in Staves
  5969 | D:5      | Mangled by an ogre

Illustrated notes

Levels and vault maps discovered:
D:1:      lemuel_arrival_cross, layout_rooms, serial_shops, shop
D:2:      layout_basic, ebering_ecumenical_altar_box, basic_altar,
          minmay_hedge_maze, minmay_tetromino_s4, uniq_natasha
D:3:      layout_loops_ring, serial_bayou, serial_bayou_shore_b,
          serial_bayou_lagoon_b, serial_bayou_shore_a, serial_bayou_pond_a
D:4:      layout_rooms, mainiacjoe_overflow_six_doors_small, demons_altar,
          temple_statues, enter_ossuary_2, corner_web_ring,
          minmay_misc_feat_tiny, st_stairs_5, nicolae_alphabet_shops,
          minmay_misc_feat_alley, hangedman_abyss_or_decor_slice, uniq_menkaure
D:5:      layout_cave_pods
Temple:   nicolae_temple_no_exploring_needed

Skill      XL: |  1  2  3  4  5  6  7  8 |
---------------+-------------------------+-----
Staves         | 3 4 5 7 8 10 | 10.2
Fighting       | |  3.2
Armour         | |  3.2
Shields        | |  4.0

Action                   |  1- 3 |  4- 6 |  7- 9 || total
-------------------------+-------+-------+-------++-------
Melee: Quarterstaff      |    77 |   214 |   126 ||   417
 Abil: Dig               |     2 |       |       ||     2
  Use: Scroll            |     1 |     5 |     4 ||    10
       Potion            |       |     1 |       ||     1
Armor: Scale mail        |    21 |       |       ||    21
       Plate armour      |    21 |   115 |    55 ||   191
Dodge: Dodged            |    38 |    48 |    29 ||   115
Block: Buckler           |    22 |    44 |    14 ||    80

Table legend: (Time is in decaauts)
 A = Elapsed time spent in this place.
 B = Non-inter-level travel time spent in this place.
 C = Inter-level travel time spent in this place.
 D = Time resting spent in this place.
 E = Time spent auto-exploring this place.
 F = Levels seen in this place.
 G = Mean time per level.
                   A        B        C        D        E       F      G
               +--------+--------+--------+--------+--------+-----+--------+
         Total |   6211 |   6065 |    146 |    250 |   4567 |   7 |  887.3 |
       Dungeon |   5612 |   5474 |    138 |      0 |   4443 |   5 | 1122.4 |
        Temple |     16 |      9 |      7 |      0 |      0 |   1 |   16.0 |
       Ossuary |    582 |    582 |      0 |    250 |    124 |   1 |  582.0 |
               +--------+--------+--------+--------+--------+-----+--------+

Top non-repeatable levels by time:
     D:3: 1438 daAuts
     D:2: 1321 daAuts
     D:4: 1012 daAuts
     D:1: 990 daAuts
     D:5: 850 daAuts
 Ossuary: 582 daAuts
  Temple: 16 daAuts
